 Dungeon Crawl Stone Soup version 0.26.0-10-g1f06aea511 (webtiles) character file.

Game seed: 14661810051121575198

1988 Goblin1989 the Sneak (level 9, -15/69 HPs)
             Began as a Demonspawn Delver on Jan 17, 2021.
             Was a High Priest of Cheibriados.
             Demolished by a red ugly thing (22 damage)
             ... on level 6 of the Dungeon.
             The game lasted 00:20:20 (7862 turns).

Goblin1989 the Sneak (Demonspawn Delver)            Turns: 7862, Time: 00:20:20

Health: -15/69     AC:  8    Str: 26    XL:     9   Next: 1%
Magic:  11/11      EV: 15    Int: 26    God:    Cheibriados [*****.]
Gold:   314        SH:  0    Dex: 26    Spells: 8/8 levels left

rFire    . . .     SeeInvis .     - Unarmed
rCold    + . .     Faith    .   (no shield)
rNeg     . . .     Spirit   .   E - +0 ring mail
rPois    .         Reflect  .   (helmet restricted)
rElec    .         Harm     .   (no cloak)
rCorr    .         Rampage  .   L - +0 pair of gloves
Will     .....                  H - +0 pair of boots
Stlth    +++.......             (no amulet)
HPRegen  0.21/turn              (no ring)
MPRegen  0.12/turn              (no ring)

@: very slow
A: horns 2, talons 1, cold resistance 1, freezing cloud immunity
a: Renounce Religion, Bend Time, Temporal Distortion, Slouch, Step From Time


You were on level 6 of the Dungeon.
You worshipped Cheibriados.
Cheibriados was extremely pleased with you.
You visited 1 branch of the dungeon, and saw 6 of its levels.
You also visited: Sewer.

You collected 314 gold pieces.

Inventory:

Hand Weapons
 a - the +8 hand crossbow of the Final Visions {elec, +Fly rElec rF+ Int+6}
   (You found it on level 4 of the Dungeon)

   It charges the ammunition it shoots with electricity; occasionally upon a
   hit, such missiles may discharge and cause terrible harm.
   It affects your intelligence (+6).
   It protects you from fire.
   It insulates you from electricity.
   It lets you fly.
 C - a +0 rapier
 X - a +2 dagger of distortion {!w}
Missiles
 x - 35 bolts
 G - 123 stones {@Q3}
 I - 8 poisoned darts (quivered)
 Z - a throwing net {!d , @Q1}
Armour
 E - a +0 ring mail (worn)
 H - a +0 pair of boots (worn)
 L - a +0 pair of gloves (worn)
Wands
 g - a wand of digging (3) {@v1}
 T - a wand of iceblast (13) {@v4}
Scrolls
 c - 3 scrolls of fog
 y - 3 scrolls of teleportation {unknown}
 A - a scroll of summoning {unknown}
 J - 3 scrolls of remove curse {@r3}
 K - 2 scrolls of blinking {unknown}
 M - 3 scrolls of magic mapping
 N - 3 scrolls of amnesia
 R - 5 scrolls of identify {@r1}
 S - a scroll of noise {unknown}
 W - 3 scrolls of enchant armour {unknown}
 Y - a scroll of random uselessness {unknown}
Potions
 z - a potion of might {@q4}
 B - a potion of degeneration {unknown}
 O - a potion of lignification
 Q - 4 potions of curing {@q1}
 U - 3 potions of brilliance {unknown}
 V - a potion of resistance {unknown}


   Skills:
 + Level 5.7 Fighting
 - Level 1.8 Short Blades
 + Level 1.5 Crossbows
 - Level 1.0 Throwing
 + Level 4.2 Armour
 + Level 4.7 Dodging
 - Level 6.0 Stealth
 * Level 5.3 Unarmed Combat
 + Level 3.2 Invocations


You had 8 spell levels left.
You didn't know any spells.
Your spell library contained the following spells:

 Spells                   Type           Power        Failure   Level
 Sting                    Tmut/Pois      0%           19%         1
 Poisonous Vapours        Pois/Air       0%           28%         2
 Ignite Poison            Fire/Tmut/Pois 0%           50%         3
 Mephitic Cloud           Conj/Pois/Air  0%           50%         3
 Olgreb's Toxic Radiance  Pois           0%           88%         4


Dungeon Overview and Level Annotations

Branches:
Dungeon (6/15)             Temple (0/1) D:5           Sewer (visited)

Altars:
Cheibriados
Dithmenos
Makhleb
Sif Muna
Trog
Uskayaw
Vehumet
Wu Jian

Shops:
D:5 ([::

Annotations:
D:3 exclusion: door


Innate Abilities, Weirdness & Mutations

You have a pair of horns on your head.
You have sharp toenails.
Your flesh is cold resistant. (rC+)
You are immune to freezing clouds.


Message History

An orc is nearby!
A worker ant zombie comes into view.
The helpless worker ant zombie fails to defend itself.
You punch the worker ant zombie! You punch the worker ant zombie.
The worker ant zombie is heavily damaged.
The worker ant zombie barely misses you.
You barely miss the worker ant zombie. You headbutt the worker ant zombie.
The worker ant zombie is severely damaged.
The worker ant zombie misses you.
You hit the worker ant zombie.
The worker ant zombie is severely damaged.
The worker ant zombie bites you but does no damage.
You punch the worker ant zombie!
You destroy the worker ant zombie!
Cheibriados thoroughly appreciates the change of pace.
No target in view!
No target in view!
No target in view!
No target in view!
No target in view!
No target in view!
No target in view!
No target in view!
No target in view!
No target in view!
No target in view!
No target in view!
No target in view!
No target in view!
No target in view!
No target in view!
No target in view!
A bullfrog comes into view.
A red ugly thing comes into view.
The bullfrog gives a loud, deep croak!
The red ugly thing gurgles horribly!
You barely miss the bullfrog. You headbutt the bullfrog.
The bullfrog is moderately wounded.
The bullfrog misses you.
You punch the bullfrog! Your headbutt misses the bullfrog.
The bullfrog is severely wounded.
The bullfrog misses you. The bullfrog barely misses you.
You closely miss the bullfrog. You headbutt the bullfrog.
The bullfrog is almost dead.
The bullfrog closely misses you.
You closely miss the bullfrog.
The bullfrog is almost dead.
The bullfrog closely misses you. The red ugly thing closely misses you.
You closely miss the bullfrog. Your headbutt misses the bullfrog.
The bullfrog is almost dead.
The bullfrog closely misses you. x2
The red ugly thing punches you but does no damage.
You punch the bullfrog!
You kill the bullfrog!
Cheibriados thoroughly appreciates the change of pace.
The red ugly thing closely misses you.
You have reached level 9!
Your experience leads to an increase in your attributes!
Your base attributes are Str 14, Int 13, Dex 14.
Increase (s)trength, (i)ntelligence, or (d)exterity?
You feel clever.
Your demonic ancestry asserts itself...
The horns on your head grow some more.
Health restored: 69; MP restored: 11 Unknown command.
You barely miss the red ugly thing.
Your headbutt misses the red ugly thing.
You hit the red ugly thing.
You headbutt the red ugly thing, but do no damage.
The red ugly thing is lightly wounded.
The red ugly thing barely misses you.
You barely miss the red ugly thing. You headbutt the red ugly thing.
The red ugly thing is lightly wounded.
The red ugly thing punches you.
You are engulfed in flames!!
You take 25 damage, and have 44/69 hp.
MASSIVE DAMAGE!!
You hit the red ugly thing.
Your headbutt misses the red ugly thing.
The red ugly thing is lightly wounded.
The red ugly thing punches you!
You are engulfed in flames!!
* * * LOW HITPOINT WARNING * * *
You are too injured to fight recklessly!
You take 26 damage, and have 18/69 hp.
MASSIVE DAMAGE!!
You are too injured to fight recklessly!
You are too injured to fight recklessly!
You are too injured to fight recklessly!
You are too injured to fight recklessly!
You are too injured to fight recklessly!
You are too injured to fight recklessly!
You are too injured to fight recklessly!
You are too injured to fight recklessly!
You are too injured to fight recklessly!
Unknown command.
You hit the red ugly thing.
Your headbutt misses the red ugly thing.
The red ugly thing is lightly wounded.
The red ugly thing punches you but does no damage.
You hit the red ugly thing.
The red ugly thing is lightly wounded.
The red ugly thing punches you!
* * * LOW HITPOINT WARNING * * *
You are engulfed in flames!!
You die...

▓▓··▓▓ ██.†██ ▓▓··▓▓ ▓ ▓▓··▓▓
██...█ ▓█..▓▓ ▓▓ ▓···▓ ██...██
▓█..█▓ ▓▓· ···▓▓ ██...██ ▓█...█
▓▓·· ··▓▓ ███....█ ▓██...█▓ ▓▓···
··▓ ██.....██ ██.....█ ▓▓····
··███......█ ███.....█▓ ▓▓▓·····
·..o.......███.......█ ▓▓▓·······
·...............@....█▓▓·········
·................u......·········
▓███████████████████████▓▓▓▓▓▓▓▓▓


You could see a red ugly thing.

Vanquished Creatures
  Eustachio (D:4)
  Menkaure (D:4)
  An orc warrior (D:6)
  An ogre (D:2)
  A centaur (D:5)
  6 bullfrogs
  3 scorpions
  A wyvern skeleton (D:6)
  4 wights (D:4)
  2 hounds
  2 orc wizards (D:6)
  4 orc priests
  An iguana (D:5)
  Natasha (thrice) (D:3)
  3 worker ants
  A worker ant zombie (D:6)
  4 gnolls (D:4)
  12 adders
  An ufetubus (D:5)
  7 oozes
  A worm (D:4)
  2 dart slugs
  15 leopard geckos
  14 orcs
  8 giant cockroaches
  5 goblins
  5 hobgoblins
  4 jackals (D:3)
  3 quokkas (D:3)
  10 ball pythons
  5 bats
  22 frilled lizards
  7 kobolds
  A quokka skeleton (D:3)
  9 rats
170 creatures vanquished.

Notes
Turn   | Place    | Note
-------+----------+-------------------------------------------
     0 | D:5      | Goblin1989 the Demonspawn Delver began the quest for the
                  | Orb.
     0 | D:5      | Reached XP level 1. HP: 18/18 MP: 1/1
    17 | D:5      | Found a snail-covered altar of Cheibriados.
    26 | D:5      | Became a worshipper of Cheibriados the Contemplative
   128 | D:4      | Noticed a hound
   131 | D:4      | Killed a hound
   132 | D:4      | Reached skill level 5 in Stealth
   132 | D:4      | Gained mutation: You have a pair of small horns on your
                  | head. [demonic ancestry]
   132 | D:4      | Reached XP level 2. HP: 19/24 MP: 2/2
   132 | D:4      | Gained mutation: You have sharp toenails. [demonic
                  | ancestry]
   132 | D:4      | Reached XP level 3. HP: 23/29 MP: 3/3
   265 | D:3      | Found a shadowy altar of Dithmenos.
   665 | D:1      | Reached * piety under Cheibriados
   719 | D:1      | Reached skill level 1 in Unarmed Combat
  1309 | D:2      | Gained mutation: Your flesh is cold resistant. (rC+)
                  | [demonic ancestry]
  1309 | D:2      | Reached XP level 4. HP: 29/35 MP: 4/4
  1464 | D:2      | Found a radiant altar of Vehumet.
  1519 | D:2      | Noticed an ogre
  1529 | D:2      | Killed an ogre
  1530 | D:2      | Reached XP level 5. HP: 14/41 MP: 5/5
  2109 | D:3      | Reached skill level 1 in Armour
  2109 | D:3      | Noticed Natasha
  2116 | D:3      | Killed Natasha
  2154 | D:3      | Noticed Natasha
  2167 | D:3      | Killed Natasha
  2167 | D:3      | Reached ** piety under Cheibriados
  2486 | D:3      | Reached skill level 6 in Stealth
  2486 | D:3      | Reached XP level 6. HP: 41/47 MP: 6/6
  2658 | D:3      | Noticed Natasha
  2663 | D:3      | Killed Natasha
  2712 | D:3      | Found a shimmering blue altar of Sif Muna.
  2850 | D:3      | Found an ornate altar of the Wu Jian Council.
  2852 | D:3      | Found a hide-covered altar of Uskayaw.
  2852 | D:3      | Found a burning altar of Makhleb.
  3588 | D:4      | Noticed Eustachio
  3650 | D:4      | Killed Eustachio
  3919 | D:4      | Noticed Menkaure
  3951 | D:4      | Killed Menkaure
  3952 | D:4      | Reached skill level 1 in Throwing
  3952 | D:4      | Reached XP level 7. HP: 30/54 MP: 7/7
  4725 | D:4      | Reached *** piety under Cheibriados
  4911 | D:4      | Got a steaming hand crossbow
  5466 | D:5      | Found Luseth's Antique Weapon Boutique.
  5468 | D:5      | Found Gocuub's Book Boutique.
  5479 | D:5      | Found Efutudgh's Book Boutique.
  5483 | D:5      | Found Ulylidoe's Armour Boutique.
  5614 | D:5      | Found a staircase to the Ecumenical Temple.
  5852 | D:5      | Reached skill level 5 in Fighting
  5852 | D:5      | Gained mutation: You are immune to freezing clouds.
                  | [demonic ancestry]
  5852 | D:5      | Reached XP level 8. HP: 43/62 MP: 8/8
  5959 | D:5      | Found a bloodstained altar of Trog.
  6451 | D:6      | Found a glowing drain.
  6456 | Sewer    | Entered a sewer
  6525 | Sewer    | Reached **** piety under Cheibriados
  6600 | Sewer    | Reached skill level 1 in Invocations
  6730 | Sewer    | Reached ***** piety under Cheibriados
  6849 | Sewer    | Identified the +8 hand crossbow of the Final Visions {elec,
                  | +Fly rElec rF+ Int+6} (You found it on level 4 of the
                  | Dungeon)
  7461 | D:6      | Reached skill level 1 in Crossbows
  7464 | D:6      | Reached skill level 5 in Unarmed Combat
  7849 | D:6      | Noticed a red ugly thing
  7857 | D:6      | Gained mutation: You have a pair of horns on your head.
                  | [demonic ancestry]
  7857 | D:6      | Reached XP level 9. HP: 69/69 MP: 11/11
  7862 | D:6      | Demolished by a red ugly thing

Illustrated notes

Levels and vault maps discovered:
D:1:      minmay_arrival_four_loops, layout_loops_ring,
          wad_floor_pattern_untrapped
D:2:      layout_rooms, lemuel_crystal_altar
D:3:      layout_loops_cross, nicolae_overflow_crystal_walls,
          grunt_temple_overflow_diamond, led_sif_book, serial_glass,
          glass_columns_a, glass_columns_c, uniq_natasha
D:4:      layout_loops_corners, uniq_eustachio, uniq_menkaure
D:5:      layout_basic, cheibriados_altar_1, minmay_temple_entry_offerings,
          minmay_shop_grid_forest, trog_butcher_becter
D:6:      minmay_thick_lines, layout_rooms, portal_sewer_entry_e

Skill      XL: |  1  2  3  4  5  6  7  8 |
---------------+-------------------------+-----
Stealth        | 5 6 |  6.0
Unarmed Combat | 1 2 3 4 5 |  5.3
Dodging        | 2 3 4 |  4.7
Armour         | 1 2 3 4 |  4.2
Fighting       | 4 5 |  5.7
Throwing       | 1 |  1.0
Invocations    | 3 |  3.2
Crossbows      | 1 |  1.5
Short Blades   | |  1.8

Action                   |  1- 3 |  4- 6 |  7- 9 || total
-------------------------+-------+-------+-------++-------
Melee: Short sword       |    60 |   176 |    30 ||   266
       Kick              |     8 |    28 |       ||    36
       Headbutt          |     7 |    41 |    77 ||   125
       Punch             |     1 |     2 |     8 ||    11
       Unarmed           |       |       |   277 ||   277
 Fire: Hand crossbow     |       |       |     8 ||     8
Throw: Dart              |       |     6 |       ||     6
       Throwing net      |       |     1 |       ||     1
  Use: Scroll            |       |     4 |     3 ||     7
       Potion            |       |     2 |     8 ||    10
 Stab: Sleeping          |    14 |     7 |    12 ||    33
       Fleeing           |       |     1 |       ||     1
       Distracted        |       |       |     1 ||     1
Armor: Leather armour    |     5 |    20 |       ||    25
       Ring mail         |       |    13 |    87 ||   100
       Skin              |       |     7 |     8 ||    15
Dodge: Dodged            |    31 |    93 |   215 ||   339
